 Dungeon Sprint DCSS version 0.24.1-11-gbbbb2193e6 (webtiles) character file.

Game seed: 15923002198159770944, levelgen mode: deterministic

260 MadFisi the Fighter (level 5, -1/61 HPs)
             Began as a Minotaur Abyssal Knight on May 11, 2020.
             Was a Believer of Lugonu.
             Slain by a slime creature (20 damage)
             ... in the Dungeon (Sprint I: "Red Sonja").
             The game lasted 00:01:53 (397 turns).

MadFisi the Fighter (Minotaur Abyssal Knight)        Turns: 397, Time: 00:01:54

Health: -1/61      AC:  3    Str: 18    XL:     5   Next: 95%
Magic:  7/7        EV: 12    Int:  9    God:    Lugonu [**....]
Gold:   162        SH:  0    Dex:  9    Spells: 4/4 levels left

rFire    . . .     SeeInvis .   a - +1 falchion
rCold    . . .     Gourm    .   (no shield)
rNeg     . . .     Faith    .   b - +0 leather armour
rPois    .         Spirit   .   (helmet restricted)
rElec    .         Reflect  .   (no cloak)
rCorr    .         Harm     .   (no gloves)
MR       .....     NoTele   +   (no boots)
Stlth    +.........             (no amulet)
HPRegen  0.20/turn              (no ring)
MPRegen  0.10/turn              (no ring)

@: no status effects
A: retaliatory headbutt, horns 2
a: Bend Space, Renounce Religion


You were in the Dungeon.
You worshipped Lugonu.
Lugonu was pleased with you.
You were not hungry.

You visited 1 branch You collected 162 gold pieces.

Inventory:

Hand Weapons
 a - a +1 falchion (weapon)
 j - a +0 giant spiked club
 k - a +0 scythe
Armour
 b - a +0 leather armour (worn)
Scrolls
 i - a scroll of blinking
Potions
 d - a potion of curing
 f - a potion of haste
 g - 2 potions of magic
 h - a potion of berserk rage
Comestibles
 c - a ration


   Skills:
 + Level 11.3 Fighting
 + Level 6.2 Long Blades
 + Level 6.3 Armour
 + Level 2.2 Dodging
 + Level 4.3 Invocations


You had 4 spell levels left.
You didn't know any spells.
Your spell library was empty.

Dungeon Overview and Level Annotations

Branches:
Dungeon (1/1)

Altars:
Makhleb
Xom
Jiyva
Lugonu


Innate Abilities, Weirdness & Mutations

You reflexively headbutt those who attack you in melee.
You have a pair of horns on your head.


Message History

The slime creature hits you.
* * * LOW HITPOINT WARNING * * *
You hit the slime creature but do no damage.
The slime creature is heavily wounded.
The slime creature barely misses you.
You feel much better. The slime creature hits you!
You hit the slime creature.
The slime creature is heavily wounded.
The slime creature hits you!
You barely miss the slime creature.
The slime creature is heavily wounded.
The slime creature closely misses you.
You slash the slime creature! You headbutt the slime creature!
The slime creature is severely wounded.
The slime creature jiggles.
The slime creature hits you but does no damage.
You barely miss the slime creature. You headbutt the slime creature.
The slime creature is almost dead.
The slime creature hits you!!
You die...

###################
#<.#..†..#..'..#__#
#[.'†.#..'[.#.@J^.+
#..#####'#####+#__#
#..# #..# ### #..#
#### #..# #⌠⌠# ####


You could see a slime creature.

Vanquished Creatures
  Sigmund (D)
  An ogre (D)
  Ijyb (D)
3 creatures vanquished.

Notes
Turn   | Place    | Note
-------+----------+-------------------------------------------
     0 | D        | MadFisi the Minotaur Abyssal Knight began the quest for the
                  | Orb.
     0 | D        | Reached XP level 1. HP: 19/19 MP: 1/1
     2 | D        | Noticed Ijyb
    13 | D        | Killed Ijyb
    13 | D        | Reached skill level 6 in Fighting
    13 | D        | Reached XP level 2. HP: 12/31 MP: 2/2
   206 | D        | Noticed an ogre
   213 | D        | Killed an ogre
   213 | D        | Reached ** piety under Lugonu
   213 | D        | Reached skill level 9 in Fighting
   213 | D        | Reached XP level 3. HP: 22/42 MP: 2/4
   213 | D        | Reached XP level 4. HP: 27/50 MP: 2/5
   359 | D        | Noticed Sigmund
   366 | D        | Killed Sigmund
   366 | D        | Reached skill level 11 in Fighting
   366 | D        | Reached XP level 5. HP: 42/61 MP: 5/7
   382 | D        | Found a burning altar of Makhleb.
   382 | D        | Found a viscous altar of Jiyva.
   382 | D        | Found a shimmering altar of Xom.
   382 | D        | Found a corrupted altar of Lugonu.
   382 | D        | Noticed a slime creature
   397 | D        | Slain by a slime creature

Levels and vault maps discovered:
D:        dungeon_sprint_1 [red_sonja_temple_1, red_sonja_temple_small_1]

Skill      XL: |  1  2  3  4 |
---------------+-------------+-----
Fighting       | 6 9 11 | 11.3
Long Blades    | 3 4 6 |  6.2
Armour         | 3 4 6 |  6.3
Invocations    | 2 3 4 |  4.3
Dodging        | 2 |  2.2

Action                   |  1- 3 |  4- 6 || total
-------------------------+-------+-------++-------
Melee: Falchion          |    15 |    18 ||    33
       Headbutt          |     6 |     7 ||    13
  Use: Potion            |       |     1 ||     1
Armor: Leather armour    |     1 |     1 ||     2
Dodge: Dodged            |     7 |     8 ||    15
       Rpst.: Falchion   |     2 |     3 ||     5
